 Dungeon Crawl Stone Soup version 0.32-a0-22-g6ae6769602 (webtiles) character file.

Game seed: 16225400653004346116

183 jasper the Digger (level 5, -1/38 HPs)
             Began as an Armataur Earth Elementalist on Jan 18, 2024.
             Slain by a goblin
             ... wielding a +0 club
             ... led by Robin
              (4 damage)
             ... on level 3 of the Dungeon.
             The game lasted 00:02:23 (1288 turns).

jasper the Digger (Armataur Earth Elementalist)     Turns: 1288, Time: 00:02:24

Health: -1/38      AC:  4    Str: 13    XL:     5   Next: 35%
Magic:  4/8        EV:  9    Int: 23    God:
Gold:   166        SH:  0    Dex: 11    Spells: 1/8 levels left

rFire   . . .        d - +2 whip (elec)
rCold   . . .        (no shield)
rNeg    . . .        a - +0 robe
rPois   .            (no helmet)
rElec   .            (no cloak)
rCorr   .            (no gloves)
SInv    .            (no barding)
Will    .....        (no amulet)
Stlth   ++           c - +6 ring of intelligence
HPRegen 0.26/turn    (no ring)
MPRegen 0.11/turn

%: roll
@: no status effects
A: large, deformed body, tough skin 3, armoured tail, roll 1
a: no special abilities


You were on level 3 of the Dungeon.
You visited 1 branch of the dungeon, and saw 3 of its levels.

You collected 166 gold pieces.

Inventory:

Hand Weapons
 d - a +2 whip of electrocution (weapon)
Armour
 a - a +0 robe (worn)
Jewellery
 c - a +6 ring of intelligence (left hand)
 k - a ring of resist corrosion
Scrolls
 h - a scroll of fear
Potions
 b - a potion of magic
 e - 2 potions of curing
 f - 2 potions of brilliance
 g - a potion of ambrosia {unknown}


   Skills:
 - Level 1.3 Dodging
 - Level 2.1 Stealth
 - Level 2.0 Spellcasting
 - Level 0.8 Conjurations
 + Level 5.5 Earth Magic


You had one spell level left.
You knew the following spells:

 Your Spells              Type           Power      Damage    Failure   Level
a - Sandblast             Erth           54%        2d13      1%          1
b - Passwall              Erth           27%        N/A       4%          3
c - Stone Arrow           Conj/Erth      32%        3d9       11%         3

Your spell library contained the following spells:

 Spells                   Type           Power      Damage    Failure   Level
 Brom's Barrelling Bould  Conj/Erth      16%        2d4       34%         4
 Petrify                  Alch/Erth      14%        N/A       38%         4
 Malign Gateway           Summ/Tloc      1%         N/A       100%        7
 Summon Horrible Things   Summ           1%         N/A       100%        8


Dungeon Overview and Level Annotations

Branches:
Dungeon (3/15)

Altars:

Annotations:
D:3 Robin


Innate Abilities, Weirdness & Mutations

Armour fits poorly on your strangely shaped body.
You have extremely tough skin. (AC +3)
You have a long armoured tail.
You regenerate magic when rolling toward enemies. (Rampage MPRegen)


Message History

The hobgoblin hits you but does no damage.
You take 2 damage, and have 36/38 hp.
You now have 7/8 mp.
Aiming: Sandblast (safe; 1% risk of failure)
Press: ? - help, Q - select action, (/) - cycle Shift-Dir - straight line, f - hobgoblin
Aim: a hobgoblin (strong, 83% to hit)
The blast of sand hits the hobgoblin!
You kill the hobgoblin!
The goblin hits you with a +0 dagger. x2; The hobgoblin hits you.
The goblin hits you with a +0 dagger. x2
The hobgoblin hits you but does no damage.
You take 11 damage, and have 25/38 hp.
MASSIVE DAMAGE!!
Aiming: Sandblast (safe; 1% risk of failure)
Press: ? - help, Q - select action, (/) - cycle Shift-Dir - straight line, f - goblin
Aim: a goblin, wielding a +0 club (strong, 79% to hit)
The blast of sand hits the goblin!!
You kill the goblin!
The goblin hits you but does no damage. The hobgoblin hits you.
The goblin barely misses you. The hobgoblin hits you.
Robin throws the goblin at you!
You take 8 damage, and have 17/38 hp.
MASSIVE DAMAGE!!
You now have 6/8 mp.
Aiming: Sandblast (safe; 1% risk of failure)
Press: ? - help, Q - select action, (/) - cycle Shift-Dir - straight line, f - hobgoblin
Aim: a hobgoblin (strong, 83% to hit)
The blast of sand hits the hobgoblin.
You kill the hobgoblin!
The goblin hits you with a +0 dagger. The goblin barely misses you.
The hobgoblin hits you. Robin throws the goblin at you!
* * * LOW HITPOINT WARNING * * *
The hobgoblin hits you.
* * * LOW HITPOINT WARNING * * *
The goblin closely misses you. The goblin hits you with a +0 dagger.
* * * LOW HITPOINT WARNING * * *
The goblin hits you but does no damage.
Aiming: Sandblast (safe; 1% risk of failure)
Press: ? - help, Q - select action, (/) - cycle Shift-Dir - straight line, f - hobgoblin
Aim: a hobgoblin (strong, 83% to hit)
The blast of sand hits the hobgoblin!
You kill the hobgoblin!
The goblin hits you with a +0 club.
You die...

.............
#............
#...........#
#....<.....##
#............
#....†.......
#...†)g......
##...)@g......
#....g.g.....#.....
#....................
+....................
#....................
#....................
#...................
#..................
#..†..........†#


You could see Robin and 3 goblins.

Vanquished Creatures
  A sky beast (D:3)
  3 adders (D:2)
  2 dart slugs
  A ribbon worm (D:3)
  4 ball pythons
  3 endoplasms (D:2)
  9 hobgoblins
  2 quokkas (D:1)
  3 bats
  2 frilled lizards (D:2)
  8 goblins
  7 kobolds
  7 rats
52 creatures vanquished.

Notes
Turn   | Place    | Note
-------+----------+-------------------------------------------
     0 | D:1      | jasper the Armataur Earth Elementalist began the quest for
                  | the Orb.
     0 | D:1      | Reached XP level 1. HP: 14/14 MP: 3/3
    83 | D:1      | Reached skill level 3 in Earth Magic
   124 | D:1      | Reached XP level 2. HP: 20/20 MP: 3/5
   526 | D:2      | Reached XP level 3. HP: 26/26 MP: 4/6
   585 | D:2      | Reached skill level 4 in Earth Magic
  1098 | D:2      | Learned a level 3 spell: Passwall
  1140 | D:3      | Reached XP level 4. HP: 33/33 MP: 3/7
  1220 | D:3      | Noticed a sky beast
  1225 | D:3      | Killed a sky beast
  1226 | D:3      | Reached skill level 5 in Earth Magic
  1226 | D:3      | Reached XP level 5. HP: 30/38 MP: 8/8
  1230 | D:3      | Learned a level 3 spell: Stone Arrow
  1282 | D:3      | Noticed Robin
  1288 | D:3      | Slain by a goblin

Illustrated notes

Levels and vault maps discovered:
D:1:      hellmonk_arrival_library, layout_rooms, serial_forest,
          infiniplex_forest_end_2, infiniplex_forest_lined_3_way,
          infiniplex_forest_clump_long, infiniplex_forest_lined_2
D:2:      layout_rooms, serial_curves, eino_curves_04, eino_curves_04,
          kennysheep_decorative_pillar, minmay_pentomino_s4
D:3:      layout_basic, gammafunk_ghost_gnarly_gnolls, uniq_robin

Skill      XL: |  1  2  3  4 |
---------------+-------------+-----
Spellcasting   | 2 |  2.0
Earth Magic    | 3 4 5 |  5.5
Dodging        | |  1.3
Stealth        | |  2.1
Conjurations   | |  0.8

Action                     |  1- 3 |  4- 6 || total
---------------------------+-------+-------++-------
  Melee: Whip              |     1 |       ||     1
   Cast: Sandblast         |    49 |    17 ||    66
    Use: Scroll            |     4 |       ||     4
 Armour: Robe              |     9 |    22 ||    31
  Dodge: Dodged            |     8 |     9 ||    17

Table legend: (Time is in decaauts)
 A = Elapsed time spent in this place.
 B = Non-inter-level travel time spent in this place.
 C = Inter-level travel time spent in this place.
 D = Time resting spent in this place.
 E = Time spent auto-exploring this place.
 F = Levels seen in this place.
 G = Mean time per level.
                   A        B        C        D        E       F      G
               +--------+--------+--------+--------+--------+-----+--------+
         Total |   1319 |   1271 |     48 |      7 |   1033 |   3 |  439.7 |
       Dungeon |   1319 |   1271 |     48 |      7 |   1033 |   3 |  439.7 |
               +--------+--------+--------+--------+--------+-----+--------+

Top non-repeatable levels by time:
     D:2: 609 daAuts
     D:1: 510 daAuts
     D:3: 198 daAuts
